 Dungeon Crawl Stone Soup version 0.31.0-11-ge490571c62 (webtiles) character file.

Game seed: 12675049951027005861

18 qw the Shooter (level 2, 0/14 HPs)
             Began as a Spriggan Hunter on Feb 3, 2024.
             Slain by a jackal (2 damage)
             ... on level 1 of the Dungeon.
             The game lasted 00:00:01 (137 turns).

qw the Shooter (Spriggan Hunter)                     Turns: 137, Time: 00:00:01

Health: 0/14       AC:  2    Str:  7    XL:     2   Next: 48%
Magic:  3/3        EV: 19    Int: 10    God:
Gold:   8          SH:  0    Dex: 18    Spells: 1/1 levels left

rFire   . . .        a - +0 shortbow
rCold   . . .        (shield currently unavailable)
rNeg    . . .        c - +0 robe
rPois   .            (helmet restricted)
rElec   .            (no cloak)
rCorr   .            (gloves unavailable)
SInv    +            (boots unavailable)
Will    .....        (no amulet)
Stlth   ++           (no ring)
HPRegen 0.22/turn    (no ring)
MPRegen 0.08/turn

%: no passive effects
@: very quick
A: very small, no large weapons, unfitting armour, see invisible, speed 3
a: no special abilities


You were on level 1 of the Dungeon.
You visited 1 branch of the dungeon, and saw 1 of its levels.

You collected 8 gold pieces.


Innate Abilities, Weirdness & Mutations

You are very small and have problems with some larger weapons.
You are too small for most types of armour.
You have supernaturally acute eyesight. (SInv)
You cover ground extremely quickly. (Speed+++)


   Skills:
 - Level 1.5 Fighting
 + Level 4.1 Ranged Weapons
 - Level 4.0 Dodging
 - Level 1.5 Stealth


You had one spell level left.
You didn't know any spells.
Your spell library was empty.

Inventory:

Hand Weapons
 a - a +0 shortbow (weapon)
Armour
 c - a +0 robe (worn)
Scrolls
 b - a scroll of butterflies
 e - 3 scrolls of identify {unknown}
Potions
 d - a potion of lignification {unknown}

Dungeon Overview and Level Annotations

Branches:
Dungeon (1/15)

Altars:


Message History

You shoot an arrow. The arrow hits the hobgoblin.
You kill the hobgoblin!
The jackal bites you but does no damage.
The jackal misses you. The jackal closely misses you.
The goblin hits you but does no damage. The jackal barely misses you.
You shoot an arrow. The arrow barely misses the goblin.
The jackal bites you. The jackal closely misses you.
The jackal completely misses you. The goblin hits you with a +0 dagger.
You shoot an arrow. The arrow hits the goblin.
The goblin is moderately wounded.
The jackal bites you but does no damage.
The jackal closely misses you. The goblin barely misses you.
The jackal closely misses you.
You shoot an arrow. The arrow barely misses the goblin.
The jackal completely misses you. The jackal closely misses you.
The jackal misses you. The goblin hits you but does no damage.
The jackal bites you.
You shoot an arrow. The arrow hits the goblin.
You kill the goblin!
The jackal closely misses you. The jackal misses you.
The jackal bites you but does no damage.
You shoot an arrow. The arrow barely misses the jackal.
The jackal closely misses you. x2; The jackal bites you. x2
You shoot an arrow.
The arrow hits the jackal but does no damage.
The jackal closely misses you.
The jackal bites you but does no damage.
The jackal barely misses you.
You shoot an arrow. The arrow closely misses the jackal.
The jackal misses you. The jackal completely misses you. The jackal bites you.
You shoot an arrow. The arrow closely misses the jackal.
The jackal barely misses you. The jackal misses you.
The jackal barely misses you. The jackal bites you.
You shoot an arrow. The arrow hits the jackal!
You kill the jackal!
The jackal misses you.
You shoot an arrow.
The arrow hits the jackal but does no damage.
The jackal bites you. x2
You die...

#. #... ). ##.... #.
###....# ? #.#
#.....##.. #..
##.........
#.######........#
#..............###
###.......)..!..%.
#......@%.......
###.......h.......
#...[............!#
..#...#...........#
#.#...##...........#
### #
#.####..#.%##.#...
..# #.
#>..##.##.#.## #.# .
#%.###%%##...# #.#
...# #...##..# #.#


You could see a jackal.

Vanquished Creatures
  5 ball pythons (D:1)
  2 goblins (D:1)
  A hobgoblin (D:1)
  3 jackals (D:1)
  3 bats (D:1)
  A frilled lizard (D:1)
  3 rats (D:1)
18 creatures vanquished.

Notes
Turn   | Place    | Note
-------+----------+-------------------------------------------
     0 | D:1      | qw the Spriggan Hunter began the quest for the Orb.
     0 | D:1      | Reached XP level 1. HP: 10/10 MP: 2/2
     0 | D:1      | 0 ||| qw: Version: 0.3-a-158-g18b3111
     0 | D:1      | 0 ||| qw: Game counter: 4058
     0 | D:1      | 0 ||| qw: Melee chars always use a shield: true
     0 | D:1      | 0 ||| qw: God list: Okawaru
     0 | D:1      | 0 ||| qw: Allow faded altars: false
     0 | D:1      | 0 ||| qw: Do Orc after clearing Dungeon:15 true
     0 | D:1      | 0 ||| qw: Do second Lair branch before Depths: true
     0 | D:1      | 0 ||| qw: Lair rune preference: random
     0 | D:1      | 0 ||| qw: Goals: Normal
     0 | D:1      | 0 ||| PLANNING D:1-11
    14 | D:1      | Reached skill level 3 in Dodging
    86 | D:1      | Reached XP level 2. HP: 14/14 MP: 3/3
   120 | D:1      | 120 ||| RETREEEEATING.
   137 | D:1      | HP: 2/14 [jackal (3)]
   137 | D:1      | Slain by a jackal

Levels and vault maps discovered:
D:1:      roderic_dead_forest, layout_rooms

Skill      XL: |  1  2 |
---------------+-------+-----
Dodging        | 3 4 |  4.0
Fighting       | |  1.5
Ranged Weapons | |  4.1
Stealth        | |  1.5

Action                     || total
---------------------------++-------
   Fire: Shortbow          ||    56
 Armour: Robe              ||    24
  Dodge: Dodged            ||    53

Table legend:
 A = Non-vault XP
 B = Vault XP
 C = Vault XP percentage of total XP
 D = Non-vault monster count
 E = Vault monster count
 F = Vault count percentage of total count
                 A         B        C        D         E       F
            +---------+---------+-------+---------+---------+-------
      Total |      26 |       0 |   0.0 |      18 |       0 |   0.0
            +---------+---------+-------+---------+---------+-------
        D:1 |      26 |       0 |   0.0 |      18 |       0 |   0.0
            +---------+---------+-------+---------+---------+-------
